 Dungeon Crawl Stone Soup version 0.31.0-11-ge490571c62 (webtiles) character file.

Game seed: 4635934366615468652

43 CougarLife the Chopper (level 3, -3/33 HPs)
             Began as a Minotaur Berserker on Jan 30, 2024.
             Was a Believer of Trog.
             Killed from afar by Sigmund (8 damage)
             ... with a magic dart
             ... on level 2 of the Dungeon.
             The game lasted 00:00:57 (704 turns).

CougarLife the Chopper (Minotaur Berserker)          Turns: 704, Time: 00:00:58

Health: -3/33      AC:  6    Str: 23    XL:     3   Next: 37%
Magic:  2/2        EV: 10    Int:  4    God:    Trog [**....]
Gold:   63         SH:  0    Dex:  9    Spells: 2/2 levels left

rFire   . . .        a - +0 hand axe
rCold   . . .        (no shield)
rNeg    . . .        e - +0 scale mail
rPois   .            (helmet restricted)
rElec   .            (no cloak)
rCorr   .            (no gloves)
SInv    .            (no boots)
Will    .....        (no amulet) Stlth
                     (no ring)
HPRegen 0.25/turn    (no ring)
MPRegen 0.08/turn

%: no passive effects
@: on berserk cooldown, slowed, very slow
A: horns 2, retaliatory headbutt
a: Renounce Religion, Berserk, Trog's Hand


You were on level 2 of the Dungeon.
You worshipped Trog.
Trog was pleased with you.
You visited 1 branch of the dungeon, and saw 2 of its levels.

You collected 63 gold pieces.

Inventory:

Hand Weapons
 a - a +0 hand axe (weapon)
Armour
 e - a +0 scale mail (worn)
Scrolls
 b - a scroll of blinking {unknown}
 c - 2 scrolls of identify {unknown}
 d - a scroll of enchant weapon {unknown}


   Skills:
 + Level 4.2 Fighting
 * Level 4.9 Axes
 - Level 2.4 Armour
 - Level 2.2 Dodging


You had 2 spell levels left.
You didn't know any spells.
Your spell library was empty.

Dungeon Overview and Level Annotations

Branches:
Dungeon (2/15)

Altars:

Annotations:
D:2 Sigmund


Innate Abilities, Weirdness & Mutations

You have a pair of horns on your head.
You reflexively headbutt those who attack you in melee.


Message History

Things that are here:
a +0 club; a goblin corpse You feel less confused.
Sigmund gestures wildly while chanting.
Sigmund flickers and vanishes!
Deactivating autopickup; reactivate with Ctrl-A.
The bat barely misses you. You furiously retaliate!
You headbutt the bat, but do no damage.
You hear some strange, mumbled words.
You are confused.
You bump into the rock wall.
The bat hits you but does no damage. Something hits you but does no damage.
You closely miss something. Your headbutt misses something.
You hit the bat but do no damage. The bat misses you.
The bat closely misses you. The bat barely misses you. Something hits you.
You bump into the rock wall.
The bat closely misses you. The bat misses you. The bat closely misses you.
Something hits you but does no damage.
You bump into the rock wall.
You feel less confused. The bat hits you but does no damage.
Something hits you!
You miss something. Your headbutt misses something. The bat hits you.
Something hits you.
You hit something. The bat closely misses you. The bat barely misses you.
You hear some strange, mumbled words.
Something tries to affect you, but you resist.
You miss something. The bat barely misses you. The bat hits you.
Something hits you but does no damage.
You hit something. Your headbutt misses something.
The bat hits you but does no damage.
You hear some strange, mumbled words.
A puff of flame appears from out of thin air!
The puff of flame hits you!
* * * LOW HITPOINT WARNING * * *
Something hits you but does no damage.
You hit something. You headbutt something! You punch something.
The bat hits you but does no damage.
You hear some strange, mumbled words.
A magic dart appears from out of thin air!
The magic dart hits you!
You die...

.## .. .# #.#
..#
#########.#####.
......{@).......
########b.....##
##.#....#
#..#....# #.##
...# ###.# ....#
####...##......
.
#..............
#.##
##.##......##..


You could see a bat.

Vanquished Creatures
  An adder (D:2)
  A dart slug (D:1)
  4 bats (D:1)
  3 endoplasms (D:1)
  A giant cockroach (D:1)
  3 goblins
  2 hobgoblins (D:1)
  2 jackals (D:1)
  A quokka (D:2)
  8 ball pythons
  A frilled lizard (D:2)
  A kobold (D:1)
  3 rats (D:1)
31 creatures vanquished.

Notes
Turn   | Place    | Note
-------+----------+-------------------------------------------
     0 | D:1      | CougarLife the Minotaur Berserker began the quest for the
                  | Orb.
     0 | D:1      | Reached XP level 1. HP: 19/19 MP: 0/0
   181 | D:1      | Reached XP level 2. HP: 24/27 MP: 1/1
   357 | D:1      | Reached ** piety under Trog
   421 | D:1      | Reached XP level 3. HP: 31/33 MP: 2/2
   685 | D:2      | Noticed Sigmund
   704 | D:2      | Killed from afar by Sigmund

Illustrated notes

Levels and vault maps discovered:
D:1:      wheals_arrival_shading, layout_rooms, st_stairs_8
D:2:      layout_basic, shapermc_ecumenical_altar_notcrosses, uniq_sigmund,
          uniq_natasha

Skill      XL: |  1  2 |
---------------+-------+-----
Axes           | 4 |  4.9
Fighting       | 4 |  4.2
Armour         | |  2.4
Dodging        | |  2.2

Action                     || total
---------------------------++-------
  Melee: Hand axe          ||    61
         Headbutt          ||     8
         Punch             ||     1
 Invoke: Berserk           ||     1
 Armour: Animal skin       ||    26
         Scale mail        ||    24
  Dodge: Dodged            ||    70
